AoeStats
← 一剑扫秋风nelson

Arena

508600122Analyzed
4v4 RM · 10d ago on Sep 23, 2026· 40m 56s· 8 players
Game mode
Random Map
Map size
Large (8 player)
Population
200
Speed
Normal
Resources
Standard
Victory
Conquest
Starting age
Dark Age
Ending age
Imperial Age
RankedLock teamsTeams togetherTeam positionsShared explorationLock speedFull tech treeHidden civsTurbo modeCheats
Victory
Defeat
🇻🇳 Danes · Vietnam
1925
+12
1751
+19
🇻🇳 Saxons · Vietnam
1746
+19
🇻🇳 Persians · Vietnam
1640
+23
🇨🇳 Danes · China
1977
-25
🇯🇵 Khmer · Japan
1815
-18
🇨🇳 Varangians · China
1761
-16
🇨🇳 Spanish · China
1720
-14
ARKINE
10:25 Feudal Age
11:09 Double-Bit Axe
14:00 Castle Age
12:16 Horse Collar
14:52 Heavy Plow
22:42 Wheelbarrow
24:02 Gold Mining
28:52 Imperial Age
26:08 Loom
26:09 Town Watch
26:32 Stone Mining
27:43 Scale Barding Armor
27:49 Forging
27:50 Scale Barding Armor
28:01 Pikeman
28:42 Squires
29:57 Halberdier
32:31 Iron Casting
31:57 Scale Mail Armor
33:09 Capped Ram
35:00 Chain Mail Armor
35:46 Blast Furnace
36:00 Conscription
36:00 Bloodlines
35:51 Husbandry
36:38 Arson
36:51 Light Cavalry
37:53 Chain Barding Armor
38:03 Plate Mail Armor
37:00 Onager
38:03 Conscription
jiraiona
8:22 Loom
10:47 Feudal Age
14:49 Castle Age
29:45 Fletching
29:38 Horse Collar
33:18 Bodkin Arrow
38:28 Wheelbarrow
39:09 Padded Archer Armor
39:52 Stone Mining
39:52 Gold Mining
40:11 Husbandry
40:53 Bloodlines
41:21 Leather Archer Armor
一剑扫秋风nelson
10:06 Feudal Age
10:41 Double-Bit Axe
11:07 Horse Collar
10:53 Man-at-Arms
12:05 Arson
14:37 Wheelbarrow
14:11 Loom
18:56 Castle Age
17:45 Gold Mining
19:54 Bow Saw
19:46 Heavy Plow
19:37 Long Swordsman
22:50 Fletching
23:50 Bodkin Arrow
26:45 Bodkin Arrow
27:33 Bloodlines
27:29 Padded Archer Armor
29:41 Hand Cart
33:14 Imperial Age
31:13 Ballistics
33:23 Town Watch
33:19 Onager
34:16 Siege Engineers
34:58 Siege Onager
35:41 Northmen's Fury
37:48 Chemistry
37:15 Scale Mail Armor
37:26 Forging
37:06 Siege Onager
38:05 Squires
37:27 Pikeman
38:56 Chain Mail Armor
NeeNee
6:28 Loom
10:45 Feudal Age
13:32 Castle Age
11:18 Double-Bit Axe
11:29 Horse Collar
14:31 Bow Saw
14:22 Heavy Plow
16:09 Loom
20:43 Wheelbarrow
21:28 Gold Mining
22:16 Stone Mining
26:27 Imperial Age
24:08 Town Watch
25:11 Gold Shaft Mining
25:14 Stone Shaft Mining
25:15 Hand Cart
25:40 Bloodlines
25:54 Husbandry
26:26 Scale Barding Armor
27:32 Conscription
28:21 Chemistry
27:43 Light Cavalry
28:44 Chain Barding Armor
29:00 Crop Rotation
31:15 Plate Barding Armor
30:23 Capped Ram
31:00 Elite Ballista Elephant
32:11 Siege Engineers
32:18 Fletching
33:09 Bodkin Arrow
34:56 Double Crossbow
34:37 Man-at-Arms
35:28 Forging
35:13 Long Swordsman
36:17 Two-Handed Swordsman
37:00 Scale Mail Armor
37:21 Pikeman
39:12 Halberdier
40:49 Chain Mail Armor
HoangNguyen
10:02 Feudal Age
13:51 Castle Age
12:45 Double-Bit Axe
13:07 Horse Collar
17:54 Loom
19:33 Wheelbarrow
19:46 Bow Saw
20:01 Loom
20:01 Town Watch
22:31 Gold Mining
22:55 Heavy Plow
28:42 Imperial Age
26:47 Hand Cart
27:02 Pikeman
27:42 Squires
27:28 Gambesons
28:43 Scale Mail Armor
28:53 Forging
28:53 Onager
28:57 Halberdier
29:59 Chain Mail Armor
30:48 Siege Onager
33:17 Plate Mail Armor
32:57 Forging
33:14 Siege Engineers
34:19 Elite Varangian Guard
35:26 Conscription
34:27 Hamask
34:34 Northmen's Fury
34:34 Hamask
37:35 Iron Casting
38:28 Chemistry
37:49 Ballistics
DL-ĐệNhị
5:51 Loom
8:23 Feudal Age
8:55 Town Watch
9:01 Double-Bit Axe
27:32 Castle Age
25:41 Fletching
27:36 Crossbowman
28:10 Crossbowman
28:47 Bodkin Arrow
29:58 Padded Archer Armor
30:40 Wheelbarrow
33:20 Bow Saw
36:04 Ballistics
35:49 Horse Collar
38:29 Heavy Plow
38:59 Hand Cart
Seohyun de thuong lam ne`
10:01 Feudal Age
9:40 Loom
20:54 Castle Age
20:15 Double-Bit Axe
20:11 Horse Collar
21:35 Fletching
22:33 Forging
26:41 Bow Saw
27:11 Wheelbarrow
28:49 Stone Mining
28:50 Gold Mining
30:03 Fervor
35:18 Imperial Age
33:51 Iron Casting
33:58 Scale Barding Armor
36:10 Bloodlines
36:01 Husbandry
36:25 Heavy Plow
36:59 Chain Barding Armor
37:34 Conscription
37:54 Caravan
39:10 Plate Barding Armor
39:58 Blast Furnace
39:38 Elite Jarl
40:58 Illumination
Minh Anh
10:28 Feudal Age
14:06 Castle Age
12:32 Double-Bit Axe
12:27 Horse Collar
12:56 Horse Collar
14:58 Bow Saw
20:16 Wheelbarrow
20:07 Heavy Plow
20:46 Gold Mining
21:32 Hand Cart
23:23 Scale Barding Armor
23:29 Forging
23:59 Bloodlines
23:49 Husbandry
23:49 Stone Mining
25:10 Chain Barding Armor
25:29 Gold Shaft Mining
26:18 Loom
26:19 Town Watch
30:07 Imperial Age
28:49 Stone Shaft Mining
30:00 Iron Casting
29:47 Cavalier
31:02 Plate Barding Armor
32:10 Blast Furnace
31:27 Caravan
32:52 Chemistry
32:12 Ballistics
32:03 Masonry
31:26 Savar
32:56 Conscription
33:30 Fletching
33:41 Padded Archer Armor
35:35 Leather Archer Armor
36:13 Architecture
37:23 Citadels
38:21 Two-Man Saw
37:51 Crop Rotation
37:24 Capped Ram
39:56 Coinage
39:33 Guard Tower
39:39 Murder Holes
41:33 Ring Archer Armor
Connection lost

Rejoining the realm…

Still unreachable

The connection could not be restored.

Session expired

The server has moved on; the page needs a fresh start.